Map: Bridgehead LE (Void)

Players

SticklerMac

  • Race: Terran Terran
  • League: Bronze

Koltoroc - Winner!

  • Race: Zerg Zerg
  • League: Bronze

VOD

Have the link to the VOD?

Description

Time

  • Played on: July 28, 2015, 1:55 p.m.
  • Length: 11:46
Show
View Real Time Build Order
Export as new Build Order

SticklerMac Terran 

Build Orders:  

Get SALT Encoding   

  12  0:01  SCV  
  13  0:13  SCV  
  14  0:23  Supply Depot  
  14  0:25  SCV  
  15  0:45  SCV  
  16  0:50  Barracks  
  16  0:52  Supply Depot  
  16  0:57  SCV  
  16  1:02  Supply Depot  
  17  1:10  SCV  
  18  1:18  Barracks  
  18  1:31  Refinery  
  18  1:37  Orbital Command  
  18  1:41  Marine  
  19  1:48  Barracks  
  19  2:04  Marine  
  19  2:07  Bunker  
  18  2:17  Marine  
  18  2:22  Barracks, Marine  
  20  2:36  Marine  
  21  2:39  Barracks  
  21  2:41  Marine  
  21  2:42  Marine  
  23  2:54  Marine  
  23  2:55  SCV  
  25  2:59  Marine  
  25  3:00  Marine  
  27  3:11  Marine  
  28  3:14  Barracks  
  26  3:42  Marine x2  
  26  3:43  Marine  
  26  3:46  Barracks  
  29  3:50  Marine  
  30  3:59  Marine  
  30  4:00  Marine  
  30  4:01  Marine  
  33  4:14  SCV  
  34  4:17  Marine  
  34  4:18  Marine x2  
  34  4:19  Marine x2  
  39  4:42  Bunker  
  39  5:10  Supply Depot  
  39  5:19  Marine  
  39  5:20  Marine  
  39  5:21  Marine  
  39  5:22  Marine  
  39  5:25  Marine  
  39  5:26  Marine  
  39  5:27  Marine  
  38  5:37  Marine  
  38  5:38  Marine x2  
  38  5:40  Marine  
  42  5:42  Marine  
  42  5:44  Marine  
  42  5:45  Marine  
  44  5:55  Marine  
  44  5:56  Marine x2  
  47  5:59  Marine  
  47  6:00  Marine  
  47  6:03  Marine  
  47  6:06  Marine  
  46  6:12  Marine  
  46  6:14  Marine  
  46  6:15  Marine  
  46  6:17  Marine  
  45  6:18  Marine  
  45  6:21  Marine  
  45  6:24  Marine  
  38  6:30  Marine  
  38  6:32  Marine  
  37  6:33  Marine  
  37  6:36  Marine  
  37  6:38  Marine  
  30  6:59  Command Center  
  29  7:02  Barracks Tech Lab  
  29  7:04  Barracks Tech Lab  
  27  7:10  Barracks Tech Lab  
  22  7:23  Marauder  
  22  7:24  Marauder  
  26  7:32  Marauder  
  26  7:36  Barracks Tech Lab  
  26  7:37  Barracks Tech Lab  
  26  7:38  Barracks Tech Lab x2  
  26  7:46  Marauder  
  26  7:47  Marauder  
  26  7:49  Refinery  
  30  7:58  Marauder  
  32  8:17  Marauder  
  31  8:28  Marauder  
  31  8:29  Marauder  
  26  8:38  Marauder  
  15  8:55  Marauder  
  15  8:56  Marauder  
  11  9:32  SCV  
  12  9:56  Orbital Command  
  12  9:59  SCV  
  13  10:08  Marauder  
  9  10:33  Marauder  
  11  10:56  SCV  
  10  11:18  Marauder  
  10  11:19  SCV  
  10  11:21  SCV  
  12  11:32  SCV  
  15  11:33  SCV  
Show
View Real Time Build Order
Export as new Build Order

Koltoroc Zerg - Winner!

Build Orders: Hatch First 

Get SALT Encoding   

  12  0:01  Drone  
  13  0:11  Drone  
  14  0:20  Drone, Extractor  
  15  0:42  Hatchery  
  14  0:54  Spawning Pool  
  14  0:57  Drone  
  14  1:04  Overlord  
  14  1:24  Drone x3  
  17  1:35  Drone  
  18  1:41  Queen  
  20  1:47  Zergling x2  
  21  1:54  Queen  
  21  1:56  Zergling x2  
  21  1:58  Overlord  
  24  2:15  Zergling x4  
  26  2:16  Queen  
  26  2:21  Spine Crawler  
  27  2:25  Drone x2  
  29  2:45  Drone, Spine Crawler  
  29  2:46  Overlord  
  29  2:47  Drone x2  
  31  3:08  Drone x4  
  31  3:09  Drone  
  31  3:10  Overlord, Drone x2  
  38  3:25  Drone  
  38  3:26  Drone x2, Overlord  
  38  3:37  Drone  
  38  3:38  Drone x3, Overlord  
  41  3:47  Queen  
  43  3:52  Drone x2, Extractor  
  44  3:57  Extractor  
  44  3:58  Drone x2, Extractor  
  44  3:59  Extractor  
  43  4:09  Drone x2  
  45  4:17  Hatchery  
  44  4:19  Drone x3  
  44  4:20  Drone  
  48  4:42  Zergling x10  
  49  4:49  Overlord  
  49  4:56  Roach Warren  
  48  5:10  Lair  
  48  5:13  Drone x5, Overlord  
  50  5:22  Baneling Nest  
  50  5:27  Drone x2  
  50  5:28  Drone x3, Overlord  
  52  5:42  Roach x5  
  61  5:47  Roach  
  56  5:58  Overlord  
  56  5:59  Roach  
  46  6:04  Roach x3  
  46  6:05  Roach x3  
  52  6:12  Roach x2  
  52  6:17  Roach x2  
  60  6:20  Roach  
  60  6:23  Drone  
  63  6:35  Drone x2  
  61  6:50  Drone  
  61  6:51  Drone x2  
  64  7:02  Glial Reconstitution  
  64  7:06  Drone x3  
  67  7:20  Drone x2  
  69  7:33  Hatchery  
  69  7:37  Drone x2  
  69  7:38  Drone x2  
  72  7:48  Drone x4  
  76  7:52  Overlord  
  76  8:05  Overlord x2  
  74  8:26  Drone  
  74  8:27  Drone x5  
  70  8:41  Drone x3  
  73  8:48  Centrifical Hooks  
  70  8:55  Drone x4  
  63  9:11  Spawning Pool  
  63  9:16  Roach  
  63  9:17  Roach x9  
  78  9:23  Drone  
  79  9:29  Drone x3  
  82  9:33  Evolution Chamber  
  82  9:34  Evolution Chamber x2  
  82  9:35  Hatchery  
  78  9:41  Roach x2  
  78  9:42  Roach  
  84  9:47  Hydralisk Den  
  84  9:51  Drone x5  
  86  9:56  Roach  
  88  10:12  Drone  
  88  10:13  Drone x4  
  93  10:14  Queen  
  93  10:15  Queen x2  
  97  10:25  Drone x2, Hydralisk x2  
  101  10:34  Muscular Augments  
  101  10:36  Overlord x3  
  100  10:52  Hydralisk x6  
  100  10:54  Hydralisk  
  114  11:02  Hydralisk  
  114  11:03  Hydralisk x4  
  124  11:13  Hydralisk x2  
Tags
 
Add a new tag
Caveats
  • Supply blocks, unpowered buildings, or Contaminate may cause inaccurate times.
  • Supply counts are checked every 10 seconds.